[Event "XXVI San Miguel Open 2020"]
[Site "Trevias"]
[Date "2020.09.19"]
[Round "1.1"]
[White "Gonzalez Guedes, Iyan"]
[Black "Aguera Naredo, Javier"]
[Result "1-0"]
[ECO "D04"]
[WhiteElo "2251"]
[BlackElo "2330"]
[Annotator "broadcasts"]
[PlyCount "77"]
[EventDate "2020.09.19"]
[EventType "swiss"]
[EventCountry "ESP"]
[TimeControl "5400+30"]

1. d4 Nf6 2. Nf3 d5 3. e3 Bg4 4. h3 Bxf3 5. gxf3 Nbd7 6. c4 e5 7. cxd5 exd4 8. Qxd4 Bc5 9. Qd1 Qe7 10. Bg2 O-O-O 11. Nc3 Nb6 12. f4 c6 13. O-O Nfxd5 14. Nxd5 Nxd5 15. Qc2 Kb8 16. e4 Nb4 17. Qe2 Nd3 18. Be3 Qh4 19. Qf3 Bxe3 20. fxe3 Nxb2 21. Qe2 Nd3 22. Rab1 Rd7 23. Qc2 Qg3 24. Qxc6 Qxe3+ 25. Kh1 Rc7 26. Qd6 Nf2+ 27. Kh2 Nxe4 28. Qe5 f5 29. Rxb7+ Kxb7 30. Rb1+ Kc8 31. Qxf5+ Rd7 32. Bxe4 Re8 33. Bg2 Qe6 34. Qc5+ Rc7 35. Qb5 Qe2 36. Qf5+ Qe6 37. Qb5 Qe2 38. Qf5+ Kd8 39. Rb5 1-0

[Event "XXVI San Miguel Open 2020"]
[Site "Trevias"]
[Date "2020.09.19"]
[Round "1.2"]
[White "Bajo Gutierrez, Ignacio"]
[Black "Alvarez Fernandez, Enrique"]
[Result "1-0"]
[ECO "B43"]
[WhiteElo "2269"]
[BlackElo "2376"]
[Annotator "broadcasts"]
[PlyCount "59"]
[EventDate "2020.09.19"]
[EventType "swiss"]
[EventCountry "ESP"]
[TimeControl "5400+30"]

1. e4 c5 2. Nf3 e6 3. d4 cxd4 4. Nxd4 a6 5. Nc3 Qc7 6. Bd3 Nc6 7. Nxc6 dxc6 8. a4 Nf6 9. O-O e5 10. h3 Be6 11. Qe2 Bc5 12. Kh1 Nd7 13. f4 exf4 14. Bxf4 Bd6 15. Nd5 Qb8 16. e5 Bc5 17. Nc3 Bd4 18. Ne4 Bxe5 19. Ng5 Qd6 20. Nxe6 Qxe6 21. Bc4 Qe7 22. Bxf7+ Qxf7 23. Bxe5 Qe7 24. Rae1 O-O-O 25. Qg4 Rhf8 26. Bf6 Qc5 27. Bxd8 Rxd8 28. Rd1 Qxc2 29. Rf7 h5 30. Qd4 1-0

[Event "XXVI San Miguel Open 2020"]
[Site "Trevias"]
[Date "2020.09.19"]
[Round "1.3"]
[White "Blazquez Lopez, Berna"]
[Black "Fernandez Torre, Ivan"]
[Result "0-1"]
[ECO "E92"]
[WhiteElo "2184"]
[BlackElo "2200"]
[Annotator "broadcasts"]
[PlyCount "85"]
[EventDate "2020.09.19"]
[EventType "swiss"]
[EventCountry "ESP"]
[TimeControl "5400+30"]

1. d4 Nf6 2. Nf3 g6 3. c4 Bg7 4. Nc3 O-O 5. e4 d6 6. Be2 e5 7. Be3 exd4 8. Nxd4 Re8 9. f3 c6 10. Bf2 d5 11. exd5 cxd5 12. O-O Nc6 13. c5 Nh5 14. Qd2 Be5 15. g3 Be6 16. Nxe6 fxe6 17. f4 Bxc3 18. Qxc3 Qf6 19. Qd2 Ng7 20. b4 a6 21. a4 Nf5 22. Rad1 h5 23. b5 axb5 24. axb5 Nce7 25. Rc1 Ra3 26. c6 bxc6 27. bxc6 d4 28. Qb2 Rc3 29. Rxc3 dxc3 30. Qb6 Nd5 31. Qc5 Qe7 32. Qb5 Qb4 33. c7 Qe7 34. Qc6 Rc8 35. Bf3 Rxc7 36. Qa8+ Kh7 37. Bxd5 exd5 38. Qxd5 Ne3 39. Bxe3 Qxe3+ 40. Kg2 c2 41. f5 c1=Q 42. fxg6+ Kh6 43. Rf8 0-1

[Event "XXVI San Miguel Open 2020"]
[Site "Trevias"]
[Date "2020.09.19"]
[Round "1.4"]
[White "Cuevas Fernandez, Jose Alberto"]
[Black "Vergara Anton, Diego"]
[Result "1/2-1/2"]
[ECO "D03"]
[WhiteElo "2125"]
[BlackElo "2151"]
[Annotator "broadcasts"]
[PlyCount "88"]
[EventDate "2020.09.19"]
[EventType "swiss"]
[EventCountry "ESP"]
[TimeControl "5400+30"]

1. d4 d5 2. Bg5 Nf6 3. Nf3 e6 4. e3 c5 5. c3 Qb6 6. Qb3 Nc6 7. Nbd2 Be7 8. Be2 Bd7 9. O-O h6 10. Bh4 g5 11. Bg3 c4 12. Qc2 Rg8 13. b3 cxb3 14. axb3 h5 15. Be5 g4 16. Ne1 h4 17. Nd3 Ne4 18. Nxe4 dxe4 19. Nb2 Nxe5 20. dxe5 g3 21. Nc4 gxh2+ 22. Kxh2 Qc5 23. b4 Qc7 24. Qd2 Kf8 25. Nd6 f5 26. f3 exf3 27. Bxf3 Bc6 28. b5 Bxf3 29. Rxf3 Rd8 30. Rd1 Qc5 31. Qd4 Qxd4 32. Rxd4 Bxd6 33. exd6 Ke8 34. e4 fxe4 35. Rf6 Rg7 36. Rxe6+ Kd7 37. Rexe4 Rdg8 38. Re7+ Rxe7 39. dxe7+ Kxe7 40. Rxh4 Kd6 41. Ra4 Ra8 42. g4 Kc5 43. c4 b6 44. Kg3 Rg8 1/2-1/2

[Event "XXVI San Miguel Open 2020"]
[Site "Trevias"]
[Date "2020.09.19"]
[Round "1.5"]
[White "Arias Rodriguez, Santiago"]
[Black "Presa Villa, Andres"]
[Result "0-1"]
[ECO "B15"]
[WhiteElo "2084"]
[BlackElo "2072"]
[Annotator "broadcasts"]
[PlyCount "103"]
[EventDate "2020.09.19"]
[EventType "swiss"]
[EventCountry "ESP"]
[TimeControl "5400+30"]

1. e4 c6 2. d4 d5 3. Nc3 dxe4 4. Nxe4 Nf6 5. Nxf6+ exf6 6. c3 Bd6 7. Bd3 O-O 8. Qc2 Re8+ 9. Ne2 h5 10. Bd2 Nd7 11. O-O-O Nf8 12. Nf4 Bxf4 13. Bxf4 Be6 14. Kb1 b5 15. Be4 Qd7 16. Rhe1 Bd5 17. f3 Re7 18. Bxd5 cxd5 19. Rxe7 Qxe7 20. Qf5 g5 21. Bd2 Qe6 22. Qd3 Qd7 23. Re1 Ng6 24. g3 Kg7 25. b3 a5 26. Bc1 a4 27. Bb2 Ra6 28. Kc2 Rb6 29. Ba3 h4 30. Bc1 b4 31. cxb4 Rxb4 32. Bd2 Rb8 33. b4 hxg3 34. hxg3 Qc7+ 35. Kb2 Qxg3 36. Ka3 Rc8 37. Kxa4 Nf4 38. Qe3 Qh3 39. Rc1 Ra8+ 40. Kb3 Qd7 41. a3 Qa7 42. Kb2 Ne6 43. Rc5 Nxc5 44. dxc5 Qa6 45. Bc1 d4 46. Qxd4 Qxa3+ 47. Kc2 Qxf3 48. Bb2 Re8 49. b5 Re2+ 50. Kb1 Re4 51. Qxf6+ Qxf6 52. Bxf6+ 0-1

[Event "XXVI San Miguel Open 2020"]
[Site "Trevias"]
[Date "2020.09.19"]
[Round "1.6"]
[White "Acebal Muniz, Antonio"]
[Black "Suarez Fernandez, Pablo"]
[Result "1-0"]
[ECO "A17"]
[WhiteElo "1969"]
[BlackElo "2108"]
[Annotator "broadcasts"]
[PlyCount "71"]
[EventDate "2020.09.19"]
[EventType "swiss"]
[EventCountry "ESP"]
[TimeControl "5400+30"]

1. Nf3 Nf6 2. c4 e6 3. Nc3 b6 4. e4 d5 5. e5 Ne4 6. cxd5 Nxc3 7. dxc3 Qxd5 8. Be3 Be7 9. Qa4+ Bd7 10. Qg4 Nc6 11. Bc4 Qa5 12. O-O-O Rg8 13. Qe4 O-O-O 14. Rxd7 Kxd7 15. Rd1+ Kc8 16. Qxc6 Kb8 17. Rd7 Rxd7 18. Qxd7 Bc5 19. Qxf7 Rd8 20. Qxe6 Qa4 21. Nd4 Bxd4 22. cxd4 c5 23. Bb3 Qb4 24. d5 c4 25. Bc2 Qe1+ 26. Bd1 c3 27. bxc3 Qxc3+ 28. Kb1 Qe1 29. Qg4 Rxd5 30. Kc2 Rd8 31. e6 Rc8+ 32. Kb1 g5 33. e7 Qc3 34. Qd4 Qc6 35. Qe5+ Qc7 36. e8=Q 1-0

[Event "XXVI San Miguel Open 2020"]
[Site "Trevias"]
[Date "2020.09.19"]
[Round "2.1"]
[White "Aguera Naredo, Javier"]
[Black "Alvarez Fernandez, Enrique"]
[Result "1-0"]
[ECO "B40"]
[WhiteElo "2330"]
[BlackElo "2376"]
[Annotator "ChessBase"]
[PlyCount "71"]
[EventDate "2020.09.19"]
[EventType "swiss"]
[EventCountry "ESP"]
[SourceTitle "playchess.com"]
[Source "ChessBase"]
[SourceQuality "1"]
[TimeControl "5400+30"]

1. e4 c5 2. Nf3 e6 3. b3 a6 4. Bb2 d6 5. g3 b6 6. Bg2 Bb7 7. Qe2 Nf6 8. d3 Nbd7 9. O-O Be7 10. Nbd2 O-O 11. Ng5 Ne8 12. Nh3 Rb8 13. f4 Bf6 14. e5 Bxg2 15. Kxg2 Be7 16. Rae1 Nc7 17. exd6 Bxd6 18. Nc4 Be7 19. Nf2 f5 20. Nh3 b5 21. Ne5 Rb6 22. c4 Bf6 23. Ng1 Nxe5 24. Bxe5 Rf7 25. Nf3 Rd7 26. Rd1 Ne8 27. d4 Be7 28. Rfe1 bxc4 29. Qxc4 Rc6 30. b4 Rd5 31. bxc5 Bf6 32. Rb1 Bxe5 33. Rxe5 Nf6 34. Qb3 h6 35. Qb8 Rc8 36. Qb6 1-0

[Event "XXVI San Miguel Open 2020"]
[Site "Trevias"]
[Date "2020.09.19"]
[Round "2.2"]
[White "Gonzalez Guedes, Iyan"]
[Black "Bajo Gutierrez, Ignacio"]
[Result "1/2-1/2"]
[ECO "D05"]
[WhiteElo "2251"]
[BlackElo "2269"]
[Annotator "ChessBase"]
[PlyCount "45"]
[EventDate "2020.09.19"]
[EventType "swiss"]
[EventCountry "ESP"]
[SourceTitle "playchess.com"]
[Source "ChessBase"]
[SourceQuality "1"]
[TimeControl "5400+30"]

1. d4 Nf6 2. Nf3 e6 3. e3 d5 4. Bd3 Bd6 5. b3 O-O 6. O-O c5 7. Bb2 cxd4 8. exd4 Nc6 9. Nbd2 Qc7 10. c4 Rd8 11. Qe2 b6 12. Rac1 Bb7 13. Ne5 dxc4 14. bxc4 Bxe5 15. dxe5 Nd7 16. f4 Nc5 17. Bb1 Nd4 18. Qf2 Qc6 19. Rfe1 Nf5 20. Ne4 Nxe4 21. Bxe4 Qc7 22. Bxb7 Qxb7 23. c5 1/2-1/2

[Event "XXVI San Miguel Open 2020"]
[Site "Trevias"]
[Date "2020.09.19"]
[Round "2.3"]
[White "Fernandez Torre, Ivan"]
[Black "Vergara Anton, Diego"]
[Result "0-1"]
[ECO "C11"]
[WhiteElo "2200"]
[BlackElo "2151"]
[Annotator "NA"]
[PlyCount "111"]
[EventDate "2020.09.19"]
[EventType "swiss"]
[EventCountry "ESP"]
[SourceTitle "playchess.com"]
[Source "ChessBase"]
[SourceQuality "1"]
[TimeControl "5400+30"]

1. e4 e6 2. Nf3 d5 3. Nc3 Nf6 4. e5 Nfd7 5. d4 c5 6. dxc5 Nc6 7. Bf4 Be7 8. Bb5 Nxc5 9. Qe2 a6 10. Bd3 b5 11. h4 b4 12. Nb1 Nxd3+ 13. cxd3 a5 14. Nbd2 Ba6 15. h5 h6 16. O-O Qb6 17. Rfc1 Rc8 18. Be3 Qb5 19. Nb3 Qxd3 20. Qxd3 Bxd3 21. Nxa5 Kd7 22. Nxc6 Rxc6 23. Rxc6 Kxc6 24. Rc1+ Kd7 25. Nd4 Ra8 26. Nc6 Bf8 27. Bd2 Rc8 28. Nd4 Bc5 29. Nb3 Be7 30. Nd4 Rc4 31. Be3 Rxc1+ 32. Bxc1 Bc5 33. Nb3 Be7 34. Nd4 Bc4 35. a3 Bc5 36. Nc2 b3 37. Ne1 Be2 38. Nf3 Bxf3 39. gxf3 Bd4 40. f4 Kc6 41. Kf1 Kb5 42. Ke2 g6 43. f5 gxh5 44. fxe6 fxe6 45. f4 Kc4 46. a4 Kb4 47. Kd3 Bc5 48. f5 exf5 49. Bxh6 Kxa4 50. Bf4 Kb5 51. Kc3 h4 52. e6 Kc6 53. Kxb3 h3 54. Kc3 Bd6 55. e7 Bxe7 56. Kd4 0-1

[Event "XXVI San Miguel Open 2020"]
[Site "Trevias"]
[Date "2020.09.19"]
[Round "2.4"]
[White "Blazquez Lopez, Berna"]
[Black "Cuevas Fernandez, Jose Alberto"]
[Result "1-0"]
[ECO "A40"]
[WhiteElo "2184"]
[BlackElo "2125"]
[Annotator "NA"]
[PlyCount "111"]
[EventDate "2020.09.19"]
[EventType "swiss"]
[EventCountry "ESP"]
[SourceTitle "playchess.com"]
[Source "ChessBase"]
[SourceQuality "1"]
[TimeControl "5400+30"]

1. d4 g6 2. Nf3 Bg7 3. e4 c6 4. c4 d6 5. Nc3 Qc7 6. Be2 Nh6 7. O-O O-O 8. d5 Nd7 9. Be3 Ng4 10. Bg5 Ngf6 11. Qd2 Nc5 12. Qe3 a5 13. h3 Qb6 14. Rab1 Ncd7 15. Qd2 Re8 16. Be3 Qc7 17. Rbc1 c5 18. Ne1 b6 19. Nd3 Ba6 20. b3 Ne5 21. Nxe5 dxe5 22. f4 Rad8 23. f5 Rf8 24. g4 Ne8 25. Bd3 Nd6 26. h4 f6 27. Qg2 Bc8 28. Rf3 Rf7 29. Rcf1 Rdf8 30. a4 Bd7 31. Kf2 Qc8 32. Ke1 Kh8 33. Rh1 Rg8 34. Qd2 Re8 35. Kd1 Rd8 36. Kc2 Re8 37. Rhf1 Kg8 38. Qf2 Ref8 39. Rh1 Rd8 40. Ne2 Rdf8 41. Nc3 Rd8 42. Qd2 Re8 43. h5 g5 44. h6 Bh8 45. Bxg5 fxg5 46. Qxg5+ Kf8 47. Qh5 e6 48. dxe6 Bxe6 49. Rhf1 Bxf5 50. gxf5 Rd8 51. Nd5 Ne8 52. f6 Qe6 53. Qg5 Rd6 54. Rf5 Nxf6 55. Rxe5 Qg4 56. Rxf6 1-0

[Event "XXVI San Miguel Open 2020"]
[Site "Trevias"]
[Date "2020.09.19"]
[Round "2.5"]
[White "Presa Villa, Andres"]
[Black "Suarez Fernandez, Pablo"]
[Result "1-0"]
[ECO "A46"]
[WhiteElo "2072"]
[BlackElo "2108"]
[Annotator "NA"]
[PlyCount "117"]
[EventDate "2020.09.19"]
[EventType "swiss"]
[EventCountry "ESP"]
[SourceTitle "playchess.com"]
[Source "ChessBase"]
[SourceQuality "1"]
[TimeControl "5400+30"]

1. d4 Nf6 2. Nf3 e6 3. Bf4 c5 4. e3 b6 5. c3 Bb7 6. Bd3 cxd4 7. exd4 d6 8. h3 Be7 9. O-O O-O 10. Nbd2 Nbd7 11. a4 a6 12. Re1 Re8 13. Bh2 Qc7 14. Nc4 Bf8 15. Nfd2 Rac8 16. Ne3 Qc6 17. Qe2 Ra8 18. Rec1 e5 19. Qf1 g6 20. Ndc4 e4 21. Be2 d5 22. Ne5 Nxe5 23. Bxe5 Nd7 24. Bf4 Qf6 25. Bh2 Bd6 26. Bxd6 Qxd6 27. c4 dxc4 28. Nxc4 Qe7 29. Qd1 f5 30. Qb3 Bd5 31. Qg3 Bxc4 32. Rxc4 Qf6 33. Qc7 Re7 34. Rc6 Qf8 35. Bc4+ Kg7 36. Be6 Rd8 37. Rd6 Rc8 38. Qb7 Nc5 39. Qxc8 Nxe6 40. Qxf8+ Kxf8 41. d5 Nf4 42. Rxb6 Nxd5 43. Rxa6 Rb7 44. Ra5 Nc7 45. Rc1 Ke7 46. Rac5 Ne6 47. Rb5 Ra7 48. Rc4 Kd6 49. a5 Nc7 50. Rbc5 Ne6 51. Rc6+ Kd5 52. b4 f4 53. Rxe6 Kxe6 54. Rxe4+ Kf5 55. f3 g5 56. Kf2 h5 57. Rc4 Rd7 58. Rc5+ Kf6 59. a6 1-0

[Event "XXVI San Miguel Open 2020"]
[Site "Trevias"]
[Date "2020.09.19"]
[Round "2.6"]
[White "Arias Rodriguez, Santiago"]
[Black "Acebal Muniz, Antonio"]
[Result "1/2-1/2"]
[ECO "C89"]
[WhiteElo "2084"]
[BlackElo "1969"]
[Annotator "NA"]
[PlyCount "71"]
[EventDate "2020.09.19"]
[EventType "swiss"]
[EventCountry "ESP"]
[SourceTitle "playchess.com"]
[Source "ChessBase"]
[SourceQuality "1"]
[TimeControl "5400+30"]

1. e4 e5 2. Nf3 Nc6 3. Bb5 a6 4. Ba4 Nf6 5. O-O Be7 6. Re1 b5 7. Bb3 O-O 8. c3 d5 9. exd5 Nxd5 10. Nxe5 Nxe5 11. Rxe5 c6 12. d4 Bd6 13. Re1 Qh4 14. g3 Qh3 15. Qd3 Bg4 16. Be3 Rae8 17. Nd2 Re6 18. Qf1 Qh5 19. Bxd5 cxd5 20. f3 Bh3 21. Qf2 f5 22. Bf4 Rxe1+ 23. Rxe1 Bxf4 24. gxf4 Qh6 25. Nf1 Bxf1 26. Kxf1 Qxf4 27. Qg3 Qd2 28. Qe5 h6 29. Qxd5+ Kh7 30. Re2 Qf4 31. Kg2 Rf6 32. Re6 Qg5+ 33. Kf2 Qh4+ 34. Kg2 Qg5+ 35. Kf2 Qh4+ 36. Kg2 1/2-1/2

[Event "XXVI San Miguel Open 2020"]
[Site "Trevias"]
[Date "2020.09.20"]
[Round "3.1"]
[White "Bajo Gutierrez, Ignacio"]
[Black "Aguera Naredo, Javier"]
[Result "0-1"]
[ECO "B67"]
[WhiteElo "2269"]
[BlackElo "2330"]
[Annotator "ChessBase"]
[PlyCount "60"]
[EventDate "2020.09.19"]
[EventType "swiss"]
[EventCountry "ESP"]
[SourceTitle "playchess.com"]
[Source "ChessBase"]
[SourceQuality "1"]
[TimeControl "5400+30"]

1. e4 c5 2. Nf3 Nc6 3. d4 cxd4 4. Nxd4 Nf6 5. Nc3 d6 6. Bg5 e6 7. Qd2 a6 8. O-O-O Bd7 9. f3 Be7 10. h4 Rc8 11. Kb1 Ne5 12. g4 b5 13. Bd3 O-O 14. Bxf6 Bxf6 15. g5 Be7 16. f4 Nxd3 17. Qxd3 Re8 18. f5 b4 19. Nce2 e5 20. Nf3 d5 21. Qxd5 Ba4 22. b3 Qc7 23. Rc1 Rcd8 24. Qxe5 Bd6 25. Qb2 Bc6 26. Ned4 Bxe4 27. Ka1 Be5 28. Nxe5 Bxh1 29. Nxf7 Qxf7 30. Ne6 Rd5 0-1

[Event "XXVI San Miguel Open 2020"]
[Site "Trevias"]
[Date "2020.09.20"]
[Round "3.2"]
[White "Alvarez Fernandez, Enrique"]
[Black "Gonzalez Guedes, Iyan"]
[Result "1/2-1/2"]
[ECO "E92"]
[WhiteElo "2376"]
[BlackElo "2251"]
[Annotator "ChessBase"]
[PlyCount "53"]
[EventDate "2020.09.19"]
[EventType "swiss"]
[EventCountry "ESP"]
[SourceTitle "playchess.com"]
[Source "ChessBase"]
[SourceQuality "1"]
[TimeControl "5400+30"]

1. d4 Nf6 2. c4 g6 3. Nc3 Bg7 4. e4 d6 5. Be2 O-O 6. Nf3 e5 7. dxe5 dxe5 8. O-O Nc6 9. Qxd8 Rxd8 10. Bg5 Rf8 11. Rfd1 Bg4 12. h3 Bxf3 13. Bxf3 Nd4 14. Nd5 Nxd5 15. cxd5 f5 16. exf5 Rxf5 17. Be3 Nxf3+ 18. gxf3 Bf8 19. Rac1 Bd6 20. Bc5 Rxf3 21. Bxd6 cxd6 22. Rc7 Rf7 23. Rdc1 Raf8 24. Rxf7 Rxf7 25. Rc8+ Rf8 26. Rc7 Rf7 27. Rc8+ 1/2-1/2

[Event "XXVI San Miguel Open 2020"]
[Site "Trevias"]
[Date "2020.09.20"]
[Round "3.3"]
[White "Cuevas Fernandez, Jose Alberto"]
[Black "Fernandez Torre, Ivan"]
[Result "1-0"]
[ECO "E90"]
[WhiteElo "2125"]
[BlackElo "2200"]
[Annotator "ChessBase"]
[PlyCount "81"]
[EventDate "2020.09.19"]
[EventType "swiss"]
[EventCountry "ESP"]
[SourceTitle "playchess.com"]
[Source "ChessBase"]
[SourceQuality "1"]
[TimeControl "5400+30"]

1. d4 Nf6 2. c4 g6 3. Nc3 Bg7 4. e4 d6 5. Nf3 O-O 6. h3 Na6 7. Be3 e5 8. d5 c5 9. g4 Bd7 10. Be2 Nc7 11. a4 Na6 12. O-O Nb4 13. Nxe5 dxe5 14. Bxc5 Na6 15. Ba3 h5 16. c5 hxg4 17. c6 bxc6 18. Bxa6 gxh3 19. Kh1 h2 20. Bb7 Qb6 21. dxc6 Bxc6 22. Bxc6 Qxc6 23. Bxf8 Bxf8 24. Qf3 Rb8 25. Rac1 Rb3 26. Kxh2 Bh6 27. Rc2 Kg7 28. Rd1 Nh5 29. Qg4 Nf6 30. Qf3 Nh5 31. Qh3 Nf6 32. Qd3 Qe6 33. f3 Nh5 34. Qd6 Bf4+ 35. Kg2 Qc8 36. Qd7 Qb8 37. Nb5 Nf6 38. Qd8 Qb7 39. Qc7 Qa8 40. Rd8 Ne8 41. Rxa8 1-0

[Event "XXVI San Miguel Open 2020"]
[Site "Trevias"]
[Date "2020.09.20"]
[Round "3.4"]
[White "Vergara Anton, Diego"]
[Black "Blazquez Lopez, Berna"]
[Result "1/2-1/2"]
[ECO "A46"]
[WhiteElo "2151"]
[BlackElo "2184"]
[Annotator "ChessBase"]
[PlyCount "33"]
[EventDate "2020.09.19"]
[EventType "swiss"]
[EventCountry "ESP"]
[SourceTitle "playchess.com"]
[Source "ChessBase"]
[SourceQuality "1"]
[TimeControl "5400+30"]

1. d4 Nf6 2. Nf3 e6 3. g3 b5 4. e3 a6 5. a4 b4 6. c4 Bb7 7. Bg2 Be7 8. O-O d6 9. Nbd2 Nbd7 10. b3 O-O 11. Bb2 c5 12. Ne1 Qc7 13. Nd3 Bxg2 14. Kxg2 a5 15. Qf3 Rac8 16. dxc5 Nxc5 17. Nxc5 1/2-1/2

[Event "XXVI San Miguel Open 2020"]
[Site "Trevias"]
[Date "2020.09.20"]
[Round "3.6"]
[White "Suarez Fernandez, Pablo"]
[Black "Arias Rodriguez, Santiago"]
[Result "1-0"]
[ECO "B00"]
[WhiteElo "2108"]
[BlackElo "2084"]
[Annotator "NA"]
[PlyCount "73"]
[EventDate "2020.09.19"]
[EventType "swiss"]
[EventCountry "ESP"]
[SourceTitle "playchess.com"]
[Source "ChessBase"]
[SourceQuality "1"]
[TimeControl "5400+30"]

1. e4 d6 2. d4 Nf6 3. Bd3 g6 4. Nf3 Bg7 5. O-O Bg4 6. Nbd2 {B07: Pirc Defence: Miscellaneous Systems.} Nc6 7. c3 O-O 8. Re1 e5 9. Qb3 {[#]} exd4 $146 ({Predecessor:} 9... Rb8 10. h3 Bxf3 11. Nxf3 Qd7 12. Bd2 a6 13. Rad1 b5 14. Qa3 Nh5 15. d5 Ne7 16. Qxa6 h6 17. b4 f5 18. Qa3 Kh7 19. Qb3 {½-½ (19) Burkhardt,A (1714)-Ostertag,S (1835) Gerlingen 2011}) 10. cxd4 Nd7 11. Qxb7 Nxd4 12. Nxd4 Bxd4 13. Nb3 (13. Qd5 $17 Qf6 14. Rf1) 13... Bxf2+ 14. Kxf2 Qh4+ 15. Kf1 Ne5 16. Be2 Qxh2 17. Be3 $2 (17. Bxg4 $17 Nxg4 18. Be3) 17... f5 18. Qd5+ Kh8 19. Bxg4 fxg4+ 20. Ke2 Qxg2+ 21. Kd1 Rae8 22. Rc1 $17 (22. Nd2 $11 {remains equal.}) 22... c6 23. Qd4 c5 24. Qd5 Qxb2 25. Nd2 Rd8 26. Rb1 Qa3 27. Bh6 Rf7 28. Re3 Qa4+ 29. Ke2 Qa6+ 30. Ke1 Qc6 31. Reb3 Qxd5 32. exd5 Rf5 33. Rb8 Nf7 34. Rxd8+ Nxd8 35. Rb8 Kg8 36. Rxd8+ Kf7 37. Rf8+ 1-0